 Dungeon Crawl Stone Soup version 0.21.1-1-g345015f (webtiles) character file.

21 inc the Scratcher (level 2, 0/14 HPs)
             Began as a Felid Chaos Knight on Feb 23, 2018.
             Slain by a jackal (3 damage)
             ... on level 1 of the Dungeon.
             The game lasted 00:01:08 (1073 turns).

inc the Scratcher (Felid Chaos Knight)              Turns: 1073, Time: 00:01:09

Health: 0/14       AC:  1    Str:  8    XL:     2   Next: 62%
Magic:  3/3        EV: 18    Int: 13    God:    Xom [..*...]
Gold:   28         SH:  0    Dex: 15    Spells: 1/1 levels left
                                        Lives:  0   Deaths: 0

rFire    . . .     SeeInvis +     - Unarmed
rCold    . . .     Gourm    .   (shield unavailable)
rNeg     . . .     Faith    .   (armour unavailable)
rPois    .         Spirit   .   (helmet unavailable)
rElec    .         Reflect  .   (cloak unavailable)
rCorr    .         Harm     .   (gloves unavailable)
MR       .....                  (boots unavailable)
Stlth    ++........             (no amulet)
HPRegen  0.04/turn              (no ring)
MPRegen  0.08/turn              (no ring)

@: quick
A: very small, no armour, no weapons or thrown items, stealth, claws 1, fangs 3,
see invisible, carnivore, speed 1, shaggy fur 1, slow metabolism 1, sharp paws
a: Renounce Religion


You were on level 1 of the Dungeon.
You worshipped Xom.
You were a toy of Xom.
You were full.

You visited 1 branch of the dungeon, and saw 2 of its levels.

You collected 28 gold pieces.

Inventory:

Scrolls
 b - a scroll of enchant weapon {unknown}
 c - a scroll of identify {unknown}
Comestibles
 a - a ration


   Skills:
 - Level 3.0 Fighting
 - Level 3.2 Dodging
 + Level 4.0 Unarmed Combat


You had one spell level left.
You didn't know any spells.

Dungeon Overview and Level Annotations

Branches:
Dungeon (2/15)

Altars:


Innate Abilities, Weirdness & Mutations

You cannot wear armour.
You are incapable of wielding weapons or throwing items.
Your paws allow you to move quietly. (Stealth)
You have sharp claws.
You have razor-sharp teeth.
You have supernaturally acute eyesight. (SInv)
You are carnivorous and can eat meat at any time.
You cover ground quickly.
You are covered in fur. (AC +1)
You have a slow metabolism.
Your sharp claws are effective at attacking unaware monsters.


Message History

You kill the jackal!
The jackal barely misses you.
The giant cockroach waves its antennae.
You barely miss the giant cockroach. You bite the giant cockroach.
The giant cockroach is heavily wounded.
The jackal misses you.
The giant cockroach completely misses you.
The jackal barely misses you.
You barely miss the giant cockroach. You claw the giant cockroach.
The giant cockroach is heavily wounded.
The giant cockroach misses you. The jackal bites you.
* * * LOW HITPOINT WARNING * * *
You scratch the giant cockroach but do no damage.
The giant cockroach is heavily wounded.
The jackal closely misses you. The giant cockroach misses you.
You scratch the giant cockroach.
You kill the giant cockroach!
Your Unarmed Combat skill increases to level 4!
The jackal barely misses you. The jackal bites you.
You die...

### #.. ######## #.# #......#
#.##### ## #.####.# #.#...
.######.####.######.#.#######
................@†....?......
.######.#.##.####h#.#.#.....#
.# #.#.#.....#.#.#.# ....#
#######.#.#..##.#.#.#.. ...#
.[.†....#.......#.#.#### ..#
##############.##.#.. ..
##############.##.### #
#...'..........##..
#.<.############ ###


You could see a jackal.

Vanquished Creatures
  A dart slug (D:2)
  A leopard gecko (D:1)
  2 giant cockroaches (D:1)
  A hobgoblin (D:1)
  3 jackals (D:1)
  4 bats
  A frilled lizard (D:1)
  A kobold (D:1)
  3 rats (D:1)
17 creatures vanquished.

Notes
Turn   | Place    | Note
-------+----------+-------------------------------------------
     0 | D:1      | inc the Felid Chaos Knight began the quest for the Orb.
     0 | D:1      | Reached XP level 1. HP: 10/10 MP: 2/2
   397 | D:1      | XOM: harmless Necr miscast
   549 | D:1      | XOM: silly message
   585 | D:1      | Reached XP level 2. HP: 14/14 MP: 3/3
   689 | D:1      | XOM: smoke on damage
   748 | D:2      | XOM: harmless Hex miscast
  1000 | D:1      | XOM: divination: detect creatures
  1012 | D:1      | XOM: harmless Erth miscast
  1073 | D:1      | Reached skill level 4 in Unarmed Combat
  1073 | D:1      | Slain by a jackal

Skill      XL: |  1  2 |
---------------+-------+-----
Unarmed Combat | 4 |  4.0
Fighting       | |  3.0
Dodging        | |  3.2

Action                   || total
-------------------------++-------
Melee: Unarmed           ||    64
       Bite              ||    11
       Punch             ||     2
  Eat: Chunk             ||     4
Armor: Skin              ||     3
Dodge: Dodged            ||    75
